 Dungeon Crawl Stone Soup version 0.31-a0-1074-g0b22e4e0f1 (webtiles) character file.

Game seed: 13630836839040404595

98610 Jeffwins the Ogre Mage (level 16, -4/143 (171) HPs)
             Began as an Ogre Shapeshifter on Nov 27, 2023.
             Was a High Priest of Vehumet.
             Slain by a +0 flail of protection (6 damage)
             ... on level 2 of the Elven Halls.
             The game lasted 01:14:29 (26792 turns).

Jeffwins the Ogre Mage (Ogre Shapeshifter)         Turns: 26792, Time: 01:14:30

HP:   -4/143 (171)  AC: 10    Str: 22    XL:     16   Next: 22%
MP:   7/30          EV:  9    Int: 26    God:    Vehumet [*****.]
Gold: 851           SH:  0    Dex:  8    Spells: 9/35 levels left

rFire   + . .        a - +5 spear of Deatia {elec, Int+3}
rCold   . . .        (no shield)
rNeg    . . .        H - +3 troll leather armour
rPois   .            z - +2 hat
rElec   .            j - +0 cloak
rCorr   .            (gloves unavailable)
SInv    .            (boots unavailable)
Will    ++...        y - amulet of magic regeneration
Stlth   ++           K - ring "Eveph" {Fly rF+ Will+ Stlth+}
HPRegen 1.23/turn    i - +6 ring of intelligence
MPRegen 0.62/turn

%: no passive effects
@: flying, hasted, heavily drained, very quick
A: large, unfitting armour, tough skin 1, horns 1, sense surroundings 1, robust
1
a: Renounce Religion


You were on level 2 of the Elven Halls.
You worshipped Vehumet.
Vehumet was extremely pleased with you.
You visited 5 branches of the dungeon, and saw 26 of its levels.

You collected 2577 gold pieces.
You spent 1726 gold pieces at shops.


Innate Abilities, Weirdness & Mutations

You are too large for most types of armour.
You have tough skin. (AC +1)
You have a pair of small horns on your head.
You passively map a small area around you.
You are robust. (+10% HP)


   Skills:
 + Level 9.2 Fighting
 * Level 8.7 Polearms
 + Level 6.5 Throwing
 - Level 2.0 Dodging
 + Level 4.7 Shields
 - Level 5.0 Unarmed Combat
 * Level 10.3 Spellcasting
 - Level 6.0 Conjurations
 + Level 5.9 Translocations
 * Level 8.4 Transmutations
 * Level 8.3 Fire Magic
 * Level 6.3 Ice Magic
 - Level 8.0 Air Magic
 * Level 4.1 Earth Magic
 * Level 8.7 Poison Magic
 + Level 4.1 Evocations
 + Level 6.3 Shapeshifting


You had 9 spell levels left.
You knew the following spells:

 Your Spells              Type           Power      Damage    Failure   Level
a - Foxfire               Conj/Fire      100%       2x1d9     1%          1
c - Fireball              Conj/Fire      25%        3d11      2%          5
f - Freezing Cloud        Conj/Ice/Air   24%        6-21      2%          5
l - Lee's Rapid Deconstr  Erth           17%        3d11*     7%          5
m - Mephitic Cloud        Conj/Pois/Air  51%        N/A       1%          3
x - Ignite Poison         Fire/Tmut/Pois 55%        N/A       1%          3
z - Poisonous Vapours     Pois/Air       100%       N/A       1%          2
I - Blink                 Tloc           88%        N/A       1%          2

Your spell library contained the following spells:

 Spells                   Type           Power      Damage    Failure   Level
 Iskenderun's Battlesphe  Conj           44%        2d10      3%          5
 Cigotuvi's Dreadful Rot  Necr/Pois/Air  84%        N/A       1%          2
 Lesser Beckoning         Tloc           88%        N/A       1%          2
 Momentum Strike          Conj/Tloc      88%        3d10      1%          2
 Static Discharge         Conj/Air       98%        3-8/arc   1%          2
 Wereblood                Tmut           55%        N/A       1%          2
 Hailstorm                Conj/Ice       45%        3d10      1%          3
 Ozocubu's Armour         Ice            46%        N/A       1%          3
 Airstrike                Air            26%        2d(4-20)  1%          4
 Sticky Flame             Conj/Fire      50%        2d7       1%          4
 Arcjolt                  Conj/Air       24%        1d34      2%          5
 Vhi's Electric Charge    Tloc/Air       98%        N/A       3%          4
 Plasma Beam              Fire/Air       27%        2x1d39    7%          6
 Sublimation of Blood     Necr           13%        N/A       8%          2
 Summon Lightning Spire   Summ/Air       34%        N/A       10%         4
 Starburst                Conj/Fire      25%        6d8       11%         6
 Summon Ice Beast         Ice/Summ       29%        N/A       14%         4
 Dispel Undead            Necr           13%        3d9       45%         4
 Ozocubu's Refrigeration  Ice            23%        4d12      58%         7
 Agony                    Necr           13%        N/A       80%         5
 Simulacrum               Ice/Necr       14%        N/A       91%         6
 Ignition                 Fire           27%        3d9       92%         8
 Maxwell's Capacitive Co  Air            26%        ∞         95%         8
 Summon Hydra             Summ           6%         N/A       100%        7
 Death's Door             Necr           6%         N/A       100%        9

Inventory:

Hand Weapons
 a - the +5 spear of Deatia (weapon) {elec, Int+3}
   (You found it on level 7 of the Dungeon)

   Int+3:     It affects your intelligence (+3).
 q - a +1 spear of venom
Missiles
 b - 33 poisoned darts
 k - 11 curare-tipped darts (quivered) {=f}
Armour
 h - a +2 robe of cold resistance
 j - a +0 cloak (worn)
 z - a +2 hat (worn)
 D - a +0 kite shield
 H - a +3 troll leather armour (worn)
 J - the +0 hat of Noon {SInv}
   (You found it on level 1 of the Lair of Beasts)

   SInv:      It lets you see invisible.
Jewellery
 i - a +6 ring of intelligence (right hand)
 n - a ring of positive energy
 v - a ring of see invisible
 y - an amulet of magic regeneration (around neck)
 C - a ring of protection from cold
 E - a +5 ring of evasion
 I - a +6 ring of intelligence
 K - the ring "Eveph" (left hand) {Fly rF+ Will+ Stlth+}
   (You bought it in a shop on level 9 of the Dungeon)

   [ring of flight]

   rF+:       It protects you from fire.
   Will+:     It increases your willpower.
   Fly:       It grants you flight.
   Stlth+:    It makes you more stealthy.
Talismans
 T - a granite talisman
Wands
 u - a wand of digging (6)
 A - a wand of polymorph (17)
 N - a wand of charming (11)
 P - a wand of flame (57)
 X - a wand of iceblast (6)
 Y - a wand of mindburst (8)
Scrolls
 c - 2 scrolls of revelation
 f - 2 scrolls of brand weapon
 g - 2 scrolls of silence {!r}
 m - 4 scrolls of poison {!r}
 w - 3 scrolls of amnesia
 F - 4 scrolls of butterflies
 G - 2 scrolls of fear
 L - 4 scrolls of blinking
 M - a scroll of immolation {!r}
 R - 3 scrolls of enchant weapon
 S - a scroll of fog
Potions
 d - 9 potions of ambrosia
 e - 2 potions of resistance
 l - 3 potions of cancellation
 o - 5 potions of enlightenment
 p - 4 potions of haste {@q3}
 s - 2 potions of invisibility {unknown}
 t - 4 potions of curing {@q1}
 V - a potion of brilliance
 W - 6 potions of mutation {!q}
 Z - 3 potions of magic
Miscellaneous
 Q - a phantom mirror (inert)
 U - a lightning rod (inert)

Dungeon Overview and Level Annotations

Branches:
Dungeon (15/15)            Temple (1/1) D:6            Lair (5/5) D:8
 Shoals (0/4) Lair:2        Snake (0/4) Lair:2        Slime (0/5) Lair:5
    Orc (2/2) D:11            Elf (3/3) Orc:2        Vaults (0/5) D:13
 Depths (0/4) D:15

Altars:
Ashenzari
Cheibriados
Dithmenos
Elyvilon
Fedhas
Gozag
Hepliaklqana
Kikubaaqudgha
Makhleb
Nemelex Xobeh
Okawaru
Qazlal
Ru
Sif Muna
Trog
Uskayaw
Vehumet
Wu Jian
Xom
Yredelemnul
Zin
The Shining One

Shops:
D:9 =   Orc:1 ?   Orc:2 [(!:(

Annotations:
Lair:4 2 transporters, Quschim's ghost, journeyman MiBe

▒▒▒*▒▒▒************
▒▒▒.▒▒..▒▒..*,,**,**,
▒...........,,,,,,,,,
▒▒...@{.{.{..,,,,,,,,,
▒.....▒▒.....,,,,,,**,
▒....▒▒***...,,,,*****
▒...▒▒ **..,,,** *
▒▒...▒▒**▒...,,,,*****
▒▒...▒▒.....,,,,,,**,
▒▒..........,,,,,,,,,
*▒...........,,,,,,,,,
▒............,,,,,,,,,


You could see 3 dancing weapons.


Message History

Confirm with . or Enter, or press ? or * to list all spells.
Aiming: Lee's Rapid Deconstruction (dangerous; 7% risk of failure)
Press: ? - help, Dir - move target A stone wall.
The wall shatters!
The blast of rock fragments hits the +0 flail of protection but does no damage.
The +0 flail of protection hits you!
* * * LOW HITPOINT WARNING * * *
Unknown command.
Casting: Lee's Rapid Deconstruction (dangerous; 7% risk of failure)
Confirm with . or Enter, or press ? or * to list all spells.
Aiming: Lee's Rapid Deconstruction (dangerous; 7% risk of failure)
Press: ? - help, Dir - move target A stone wall.
The wall shatters!
The blast of rock fragments hits the +0 flail of protection but does no damage.
The +0 flail of protection hits you!
* * * LOW HITPOINT WARNING * * *
Unknown command.
Casting: Lee's Rapid Deconstruction (dangerous; 7% risk of failure)
Confirm with . or Enter, or press ? or * to list all spells.
Aiming: Lee's Rapid Deconstruction (dangerous; 7% risk of failure)
Press: ? - help, Dir - move target A stone wall.
The wall shatters!
The blast of rock fragments hits the +0 flail of protection but does no damage.
The blast of rock fragments hits the +0 lajatang of pain!
The +0 lajatang of pain is heavily damaged.
The +0 flail of protection hits you.
You die...

Skill      XL: |  1  2  3  4  5  6  7  8  9 10 11 12 13 14 15 16 |
---------------+-------------------------------------------------+-----
Dodging        | 2 |  2.0
Unarmed Combat | 3 4 5 |  5.0
Fighting       | 2 3 4 5 6 7 8 9 |  9.2
Spellcasting   | 1 2 3 4 5 6 7 8 9 10 | 10.3
Throwing       | 1 2 3 4 5 6 |  6.5
Shapeshifting  | 4 5 6 |  6.3
Translocations | 1 2 3 4 5 |  5.9
Air Magic      | 1 2 3 4 5 6 7 8 |  8.0
Poison Magic   | 1 2 3 4 5 6 7 8 |  8.7
Fire Magic     | 1 2 3 4 5 6 7 8 |  8.3
Transmutations | 1 2 3 4 5 6 7 8 |  8.4
Conjurations   | 1 2 3 4 5 6 |  6.0
Polearms       | 2 3 4 5 6 7 8 |  8.7
Evocations     | 1 2 3 4 |  4.1
Shields        | 1 2 3 4 |  4.7
Ice Magic      | 2 4 5 6 |  6.3
Earth Magic    | 2 3 4 |  4.1

Action                     |  1- 3 |  4- 6 |  7- 9 | 10-12 | 13-15 | 16-18 || total
---------------------------+-------+-------+-------+-------+-------+-------++-------
  Melee: Unarmed           |   129 |   150 |   142 |       |       |       ||   421
         Punch             |     2 |     3 |     3 |     3 |     7 |     4 ||    22
         Headbutt          |       |     6 |    28 |    28 |    58 |    16 ||   136
         Spear             |       |       |    20 |   153 |   244 |    60 ||   477
   Cast: Poisonous Vapours |       |    20 |    83 |   147 |   367 |    11 ||   628
         Ignite Poison     |       |       |    26 |    98 |   219 |    13 ||   356
         Mephitic Cloud    |       |       |     5 |    34 |    10 |     3 ||    52
         Foxfire           |       |       |       |     9 |     3 |       ||    12
         Blink             |       |       |       |     1 |     2 |     4 ||     7
         Freezing Cloud    |       |       |       |     6 |    46 |     1 ||    53
         Fireball          |       |       |       |       |    13 |     3 ||    16
         Lee's Rapid Decon |       |       |       |       |    43 |    18 ||    61
  Evoke: Lightning rod     |       |       |       |     3 |     4 |     4 ||    11
         Wand              |       |       |       |     1 |     6 |     2 ||     9
         Phantom mirror    |       |       |       |       |     1 |       ||     1
    Use: Potion            |       |     6 |       |     1 |     3 |    11 ||    21
         Scroll            |       |       |       |    11 |    15 |     8 ||    34
 Armour: Animal skin       |   103 |   167 |   138 |    58 |       |       ||   466
         Skin              |       |    36 |       |    23 |       |       ||    59
         Troll leather arm |       |       |       |    88 |   383 |   129 ||   600
  Dodge: Dodged            |    65 |    98 |    73 |    69 |   149 |    29 ||   483
         Form:             |       |       |     2 |       |       |       ||     2
         Beast             |       |       |     1 |       |       |       ||     1
         Flux              |       |       |     1 |       |       |       ||     1

Levels and vault maps discovered:
D:1:      lemuel_arrival_cross, layout_rooms,
          hellmonk_ecumenical_altar_inner_sanctum
D:2:      layout_rooms, basic_altar
D:3:      layout_loops_cross, marbit_many_paths,
          chequers_temple_overflow_statue_of_worship
D:4:      layout_rooms, grunt_gozag_breadcrumbs, mainiacjoe_overflow_alcove_1,
          kennysheep_little_box, serial_demonic, serial_demonic_e,
          serial_demonic_d, serial_demonic_e, serial_demonic_g,
          serial_demonic_b, serial_demonic_b, serial_demonic_c, serial_demonic_b
D:5:      layout_loops_cross, mainiacjoe_overflow_concentric_impassable,
          mainiacjoe_overflow_catwalk, corexii_shack, uniq_blork_the_orc
D:6:      layout_layer_cave, mainiacjoe_overflow_24_doors,
          mainiacjoe_overflow_tiny_flanked, zin_statuary,
          minmay_temple_entry_oklob, serial_glass, glass_columns_a,
          glass_columns_b
D:7:      layout_basic, okawaru_humans, uniq_jeremiah
D:8:      layout_basic, erik_lair_orcish_takeover,
          hellmonk_ghost_happy_afterlife
D:9:      layout_irregular_city, serial_shops, shop
D:10:     layout_irregular_city, onia_ninara_cookie
D:11:     cheibrodos_tormentor_scu, layout_long_grid, hiddenorc1_lemuel
D:12:     layout_roguey
D:13:     layout_roguey, david_vaults_3, uniq_jorgrun
D:14:     layout_loops_cross
D:15:     gammafunk_depths_entry_grave, layout_loops_ring,
          serial_library_hellmonk_open_square, minmay_misc_feat_four_crosses,
          uniq_roxanne
Temple:   jpeg_temple_island
Lair:1:   gammafunk_worm_tunnel, layout_cave_pods, beast_lair_carwin_6,
          infiniplex_staircase_pool_2
Lair:2:   layout_regular_city, minmay_shoals_entry_hut,
          minmay_snake_entry_guardpost_large, uniq_fannar
Lair:3:   layout_cave_pods, special_room [special_room_bee], wad_woods_03,
          lemuel_fruit_tree
Lair:4:   layout_long_grid, gammafunk_ghost_berserking_beasts,
          grunt_megastairs_5, lemuel_fruit_fields, infiniplex_staircase_pool
Lair:5:   gammafunk_lair_ancient_temple, layout_long_grid,
          dpeg_slime_entry_enclosed, uniq_rupert, uniq_snorg
Orc:1:    layout_caves, serial_shops, shop, basic_altar, uniq_maurice
Orc:2:    kennysheep_orc_mage_school, layout_caves, serial_shops, shop
Elf:1:    nicolae_elf_arrival_fired_up, layout_geoelf_octagon, serial_shops,
          shop, minmay_elf_necromancy
Elf:2:    elven_hall_of_blades_hangedman_original
          [infiniplex_blade_entry_pillars], layout_geoelf_octagon,
          minmay_shop_star
Elf:3:    minmay_elf_hall_dome, layout_gridlike, grunt_megastairs_1

Notes
Turn   | Place    | Note
-------+----------+-------------------------------------------
     0 | D:1      | Jeffwins the Ogre Shapeshifter began the quest for the Orb.
     0 | D:1      | Reached XP level 1. HP: 19/19 MP: 1/1
    75 | D:1      | Reached XP level 2. HP: 20/27 MP: 2/2
   198 | D:1      | Reached skill level 2 in Dodging
   271 | D:1      | Reached skill level 3 in Unarmed Combat
   442 | D:1      | Found a faded altar of an unknown god.
   499 | D:1      | Reached XP level 3. HP: 33/35 MP: 3/3
   502 | D:1      | Reached skill level 2 in Fighting
   692 | D:2      | Learned a level 2 spell: Blink
   903 | D:2      | Found an opulent altar of Gozag.
  1075 | D:3      | Found an ancient bone altar of Kikubaaqudgha.
  1076 | D:3      | Found a blossoming altar of Fedhas.
  1077 | D:3      | Found a basalt altar of Yredelemnul.
  1082 | D:3      | Reached XP level 4. HP: 44/44 MP: 3/5
  1342 | D:3      | Found a broken altar of Ashenzari.
  1590 | D:3      | Reached skill level 1 in Spellcasting
  1611 | D:3      | Learned a level 2 spell: Poisonous Vapours
  1852 | D:3      | Reached XP level 5. HP: 34/52 MP: 6/6
  1864 | D:3      | Lost dexterity.
  1989 | D:3      | Gained mutation: You have a pair of small horns on your
                  | head. [potion of mutation]
  1989 | D:3      | Gained mutation: You passively map a small area around you.
                  | [potion of mutation]
  1989 | D:3      | Gained mutation: You are robust. (+10% HP) [potion of
                  | mutation]
  1989 | D:3      | HP: 5/57 [poisoned by a gnoll]
  2203 | D:3      | Reached skill level 3 in Fighting
  2203 | D:3      | Reached skill level 1 in Throwing
  2321 | D:3      | Reached skill level 4 in Shapeshifting
  2467 | D:4      | Found an opulent altar of Gozag.
  2515 | D:4      | Learned a level 3 spell: Ignite Poison
  2522 | D:4      | Reached XP level 6. HP: 65/67 MP: 1/8
  2658 | D:4      | Reached skill level 1 in Translocations
  2658 | D:4      | Reached skill level 1 in Air Magic
  2708 | D:4      | Reached skill level 1 in Poison Magic
  3084 | D:4      | Lost dexterity.
  3089 | D:4      | Reached skill level 1 in Fire Magic
  3091 | D:4      | Reached XP level 7. HP: 52/73 MP: 4/9
  3093 | D:4      | Reached skill level 1 in Transmutations
  3283 | D:4      | Reached skill level 2 in Spellcasting
  3419 | D:4      | Found a hide-covered altar of Uskayaw.
  3545 | D:4      | Found a shimmering altar of Xom.
  3903 | D:5      | Entered Level 5 of the Dungeon
  4144 | D:4      | Reached skill level 4 in Unarmed Combat
  4383 | D:5      | Reached skill level 2 in Air Magic
  4383 | D:5      | Reached skill level 2 in Poison Magic
  4392 | D:5      | Learned a level 3 spell: Mephitic Cloud
  4399 | D:5      | Reached XP level 8. HP: 76/85 MP: 2/11
  4583 | D:5      | Found a snail-covered altar of Cheibriados.
  4741 | D:5      | Found a shimmering blue altar of Sif Muna.
  4922 | D:5      | Noticed Blork the orc
  4928 | D:5      | Killed Blork the orc
  4929 | D:5      | Reached skill level 2 in Throwing
  4929 | D:5      | Reached skill level 2 in Transmutations
  5048 | D:5      | Reached skill level 2 in Fire Magic
  5670 | D:6      | Found a staircase to the Ecumenical Temple.
  5724 | Temple   | Entered the Ecumenical Temple
  5751 | Temple   | Became a worshipper of Vehumet
  5830 | D:6      | Reached skill level 1 in Conjurations
  5952 | D:6      | Found a hazy altar of Hepliaklqana.
  6015 | D:6      | Noticed a wyvern
  6018 | D:6      | Killed a wyvern
  6019 | D:6      | Reached skill level 4 in Fighting
  6019 | D:6      | Reached skill level 2 in Translocations
  6084 | D:6      | Found a glowing golden altar of the Shining One.
  6109 | D:6      | Found a glowing silver altar of Zin.
  6335 | D:6      | Reached skill level 3 in Spellcasting
  6957 | D:7      | Noticed Jeremiah
  6963 | D:7      | Killed Jeremiah
  6964 | D:7      | Reached skill level 3 in Poison Magic
  6964 | D:7      | Reached skill level 5 in Shapeshifting
  6964 | D:7      | Reached XP level 9. HP: 74/93 MP: 2/13
  6993 | D:7      | Identified the +2 barding of Zotagit {*Corrode rPois Regen+
                  | Dex+2}
  7003 | D:7      | Identified the +5 spear of Deatia {elec, Int+3}
  7014 | D:7      | Reached skill level 3 in Fire Magic
  7014 | D:7      | Reached skill level 3 in Air Magic
  7098 | D:7      | Reached skill level 2 in Conjurations
  7263 | D:7      | Reached skill level 1 in Polearms
  7263 | D:7      | Reached skill level 3 in Transmutations
  7277 | D:7      | Reached * piety under Vehumet
  7277 | D:7      | Offered knowledge of Foxfire by Vehumet.
  7278 | D:7      | Reached skill level 5 in Unarmed Combat
  7280 | D:7      | Reached skill level 4 in Spellcasting
  7314 | D:7      | Reached skill level 3 in Throwing
  7669 | D:7      | Reached skill level 2 in Polearms
  7687 | D:7      | Reached XP level 10. HP: 101/103 MP: 9/16
  7691 | D:7      | Found an iron altar of Okawaru.
  7706 | D:7      | Reached skill level 5 in Fighting
  7711 | D:7      | Learned a level 1 spell: Foxfire
  8651 | D:8      | Found a staircase to the Lair.
  8657 | D:8      | Reached skill level 3 in Conjurations
  8922 | D:8      | Noticed a two-headed ogre
  8926 | D:8      | Killed a two-headed ogre
  8927 | D:8      | Reached skill level 3 in Translocations
  8927 | D:8      | Reached skill level 4 in Fire Magic
  8927 | D:8      | Reached skill level 4 in Air Magic
  8927 | D:8      | Reached skill level 4 in Poison Magic
  9043 | D:8      | Reached skill level 3 in Polearms
  9204 | D:8      | Found a runed translucent door.
  9204 | D:8      | Noticed porpoise's ghost (novice DsEn)
  9218 | D:8      | Killed porpoise's ghost
  9219 | D:8      | Reached skill level 5 in Spellcasting
  9219 | D:8      | Reached skill level 4 in Transmutations
  9663 | D:9      | Found Heleto's Jewellery Shoppe.
  9953 | D:9      | Reached skill level 6 in Shapeshifting
 10494 | D:9      | Reached XP level 11. HP: 97/115 MP: 12/19
 10587 | D:10     | Entered Level 10 of the Dungeon
 10614 | D:10     | Offered knowledge of Sandblast by Vehumet.
 10614 | D:10     | Reached ** piety under Vehumet
 10763 | D:10     | Reached skill level 4 in Conjurations
 10769 | D:10     | Reached skill level 4 in Polearms
 10854 | D:10     | Reached skill level 4 in Throwing
 11039 | D:10     | Reached skill level 6 in Fighting
 11056 | D:10     | Reached skill level 6 in Spellcasting
 11056 | D:10     | Reached skill level 5 in Poison Magic
 11216 | D:10     | Reached skill level 5 in Fire Magic
 11363 | D:10     | Offered knowledge of Frozen Ramparts by Vehumet.
 11424 | D:10     | Reached skill level 1 in Evocations
 11559 | D:9      | Bought the ring "Eveph" {Fly rF+ Will+ Stlth+} for 518 gold
                  | pieces
 11663 | D:11     | Noticed a boulder beetle
 11666 | D:11     | Killed a boulder beetle
 11667 | D:11     | Reached skill level 1 in Shields
 11667 | D:11     | Reached skill level 5 in Transmutations
 11667 | D:11     | Reached skill level 5 in Air Magic
 11708 | D:11     | Reached *** piety under Vehumet
 11762 | D:11     | Found a staircase to the Orcish Mines.
 11970 | D:11     | Noticed a boulder beetle
 11975 | D:11     | Killed a boulder beetle
 11975 | D:11     | Offered knowledge of Inner Flame by Vehumet.
 11976 | D:11     | Reached skill level 4 in Translocations
 11987 | D:11     | Reached XP level 12. HP: 126/126 MP: 13/21
 12095 | D:11     | Noticed a death knight
 12098 | D:11     | Noticed a death knight
 12101 | D:11     | Killed a death knight
 12195 | D:11     | Learned a level 5 spell: Freezing Cloud
 12205 | D:11     | Killed a death knight
 12223 | D:11     | Noticed a death knight
 12229 | D:11     | Killed a death knight
 12230 | D:11     | Reached skill level 5 in Polearms
 12494 | D:11     | Reached skill level 1 in Ice Magic
 12577 | D:11     | Reached skill level 5 in Conjurations
 12983 | Lair:1   | Entered Level 1 of the Lair of Beasts
 12995 | Lair:1   | Found a transporter.
 13122 | Lair:1   | Identified the +7 rapier of the Enchanted Forest {heavy,
                  | Str+4}
 13158 | Lair:1   | Reached skill level 2 in Shields
 13358 | Lair:1   | Reached skill level 7 in Spellcasting
 13447 | Lair:1   | Found a transporter.
 13561 | Lair:1   | Reached **** piety under Vehumet
 13588 | Lair:1   | Identified the +0 hat of Noon {SInv}
 13730 | Lair:1   | Reached skill level 2 in Evocations
 13731 | Lair:1   | Reached skill level 2 in Ice Magic
 13818 | Lair:1   | Got the Tome of Open Graves
 14140 | Lair:2   | Offered knowledge of Flame Wave by Vehumet.
 14141 | Lair:2   | Reached skill level 6 in Poison Magic
 14165 | Lair:2   | Noticed a boulder beetle
 14170 | Lair:2   | Killed a boulder beetle
 14171 | Lair:2   | Reached skill level 6 in Transmutations
 14226 | Lair:2   | Reached skill level 6 in Fire Magic
 14329 | Lair:2   | Noticed Fannar
 14332 | Lair:2   | Killed Fannar
 14333 | Lair:2   | Reached skill level 6 in Air Magic
 14333 | Lair:2   | Reached XP level 13. HP: 129/135 MP: 16/24
 14338 | Lair:2   | Reached skill level 7 in Fighting
 14629 | Lair:2   | Found a staircase to the Snake Pit.
 14882 | Lair:2   | Reached skill level 6 in Polearms
 14988 | Lair:2   | Found a staircase to the Shoals.
 15360 | Lair:3   | Reached skill level 3 in Ice Magic
 15367 | Lair:3   | Identified the +3 mace of Rexer {freeze, Int+3 Dex+3}
 15518 | Lair:3   | Reached skill level 5 in Throwing
 15694 | Lair:3   | Reached ***** piety under Vehumet
 15694 | Lair:3   | Offered knowledge of Fireball by Vehumet.
 16418 | Lair:3   | Reached skill level 6 in Conjurations
 16563 | Lair:3   | Reached skill level 8 in Spellcasting
 16680 | Lair:4   | Found a transporter.
 16695 | Lair:4   | Learned a level 5 spell: Fireball
 16711 | Lair:4   | Found a transporter.
 16788 | Lair:4   | Reached skill level 3 in Shields
 16806 | Lair:4   | Reached skill level 5 in Translocations
 17002 | Lair:4   | Reached skill level 4 in Ice Magic
 17093 | Lair:4   | Reached XP level 14. HP: 121/146 MP: 21/26
 17372 | Lair:4   | Noticed Quschim's ghost (journeyman MiBe)
 17496 | Lair:5   | Entered Level 5 of the Lair of Beasts
 17496 | Lair:5   | Noticed Rupert
 17531 | Lair:5   | Reached skill level 3 in Evocations
 17839 | Lair:5   | Reached skill level 7 in Poison Magic
 18022 | Lair:5   | Noticed a dire elephant
 18029 | Lair:5   | Killed a dire elephant
 18030 | Lair:5   | Reached skill level 7 in Transmutations
 18034 | Lair:5   | Reached skill level 7 in Fire Magic
 18161 | Lair:5   | Reached skill level 7 in Air Magic
 18163 | Lair:5   | Offered knowledge of Lee's Rapid Deconstruction by Vehumet.
 18210 | Lair:4   | Learned a level 5 spell: Lee's Rapid Deconstruction
 18231 | Lair:5   | Reached skill level 7 in Polearms
 18577 | Lair:5   | Reached skill level 8 in Fighting
 18577 | Lair:5   | Reached skill level 1 in Earth Magic
 18617 | Lair:5   | Killed Rupert
 18848 | Lair:5   | Noticed Snorg
 18854 | Lair:5   | Killed Snorg
 19125 | Lair:5   | Found a staircase to the Slime Pits.
 19884 | D:12     | Reached skill level 9 in Spellcasting
 20372 | D:13     | Found a gate to the Vaults.
 20608 | D:13     | Reached skill level 2 in Earth Magic
 20748 | D:13     | Reached skill level 5 in Ice Magic
 21005 | D:13     | Reached XP level 15. HP: 128/159 MP: 22/28
 21065 | D:13     | Reached skill level 4 in Shields
 21177 | D:13     | Reached skill level 6 in Throwing
 21241 | D:13     | Noticed Jorgrun
 21249 | D:13     | Killed Jorgrun
 21404 | D:14     | Reached skill level 8 in Poison Magic
 21438 | D:14     | You are sucked into a shaft and drop 1 floor!
 21438 | D:15     | Entered Level 15 of the Dungeon
 21465 | D:14     | Reached skill level 8 in Polearms
 21656 | D:14     | Reached skill level 3 in Earth Magic
 22055 | D:14     | Reached skill level 8 in Transmutations
 23171 | D:15     | Found a staircase to the Depths.
 23278 | D:15     | Identified 2 potions of resistance
 23493 | D:15     | Noticed Roxanne
 23640 | D:15     | Killed Roxanne
 23754 | D:14     | Reached skill level 8 in Air Magic
 23925 | Orc:1    | Entered Level 1 of the Orcish Mines
 23925 | Orc:1    | Noticed Maurice
 23925 | Orc:1    | Found Daucwef's Magic Scroll Shop.
 23933 | Orc:1    | Killed Maurice
 23971 | Orc:1    | Reached skill level 8 in Fire Magic
 23975 | Orc:1    | Offered knowledge of Yara's Violent Unravelling by Vehumet.
 24074 | Orc:1    | Bought a scroll of poison for 44 gold pieces
 24074 | Orc:1    | Bought a scroll of teleportation for 33 gold pieces
 24074 | Orc:1    | Bought a scroll of revelation for 82 gold pieces
 24074 | Orc:1    | Bought 2 scrolls of blinking for 165 gold pieces
 24074 | Orc:1    | Bought a scroll of identify for 22 gold pieces
 24074 | Orc:1    | Bought a scroll of identify for 22 gold pieces
 24216 | Orc:2    | Entered Level 2 of the Orcish Mines
 24361 | Orc:2    | Found Deiqohyu's Weapon Emporium.
 24658 | Orc:2    | Noticed an orc warlord
 24665 | Orc:2    | Killed an orc warlord
 24666 | Orc:2    | Reached skill level 9 in Fighting
 24666 | Orc:2    | Reached skill level 6 in Ice Magic
 24773 | Orc:2    | Reached skill level 10 in Spellcasting
 24802 | Orc:2    | Found Inimuis's Antique Armour Shop.
 24836 | Orc:2    | Found an ancient bone altar of Kikubaaqudgha.
 24839 | Orc:2    | Noticed Nergalle
 24841 | Orc:2    | Killed Nergalle
 24890 | Orc:2    | Found Rec Ipes's Antique Weapon Shop.
 24938 | Orc:2    | Found a radiant altar of Vehumet.
 25204 | Orc:2    | Offered knowledge of Iskenderun's Battlesphere by Vehumet.
 25225 | Orc:2    | Found a staircase to the Elven Halls.
 25460 | Orc:2    | Found Bibee's Distillery.
 25480 | Orc:2    | Found Dere Kudar's Book Boutique.
 25498 | Orc:2    | Bought a potion of mutation for 112 gold pieces
 25498 | Orc:2    | Bought a potion of mutation for 112 gold pieces
 25498 | Orc:2    | Bought a potion of brilliance for 56 gold pieces
 25498 | Orc:2    | Bought a potion of enlightenment for 70 gold pieces
 25498 | Orc:2    | Bought a potion of cancellation for 112 gold pieces
 25498 | Orc:2    | Bought a potion of curing for 42 gold pieces
 25498 | Orc:2    | Bought a potion of curing for 42 gold pieces
 25498 | Orc:2    | Bought a potion of haste for 140 gold pieces
 25498 | Orc:2    | Bought a potion of resistance for 140 gold pieces
 25498 | Orc:2    | Bought a potion of degeneration for 14 gold pieces
 25683 | Elf:1    | Entered Level 1 of the Elven Halls
 25690 | Elf:1    | Reached skill level 4 in Evocations
 25690 | Elf:1    | Reached XP level 16. HP: 166/171 MP: 24/30
 25799 | Elf:1    | Reached skill level 4 in Earth Magic
 25934 | Elf:1    | You are sucked into a shaft and drop 1 floor!
 25967 | Elf:3    | Entered Level 3 of the Elven Halls
 25976 | Elf:3    | Paralysed by an air elemental for 1 turns
 25986 | Elf:3    | Paralysed by an air elemental for 1 turns
 25994 | Elf:3    | Paralysed by an air elemental for 1 turns
 26770 | Elf:2    | Found a runed translucent gate.
 26770 | Elf:2    | Found a runed translucent gate.
 26771 | Elf:2    | Found a runed translucent gate.
 26791 | Elf:2    | HP: 1/143 [+0 flail of protection (15)]
 26792 | Elf:2    | Slain by a +0 flail of protection

Vanquished Creatures
  Jorgrun (D:13)
  Rupert (Lair:5)
  Roxanne (D:15)
  A deep elf sorcerer (Elf:2)
  12 slime creatures
  An orc warlord (Orc:2)
  A dire elephant (Lair:5)
  Snorg (Lair:5)
  A deep elf death mage (Elf:1)
  A quicksilver dragon zombie (D:15)
  Fannar (Lair:2)
  An ogre mage (Orc:2)
  3 hydras
  2 two-headed ogres
  2 centaur warriors
  3 death knights (D:11)
  A merfolk avatar (Lair:5)
  5 death yaks (Lair:4)
  A dancing weapon (Elf:2)
  7 boulder beetles
  A deep elf knight (Elf:3)
  Nergalle (Orc:2)
  2 skysharks (Lair:5)
  5 skeletal warriors
  A sea snake (Lair:5)
  An orc knight (D:13)
  A harpy (Lair:5)
  3 necromancers
  An oklob plant (Lair:2)
  8 orc sorcerers (Orc:2)
  2 deep elf zephyrmancers
  21 ugly things
  6 deep elf pyromancers
  A wolf spider (D:13)
  A cyclops (shapeshifter) (D:15)
  4 manticores
  Maurice (Orc:1)
  2 cyclopes
  The ghost of porpoise the Vexing, a novice DsEn of Nemelex Xobeh (D:8)
  A salamander (shapeshifter) (D:15)
  15 elephants
  4 black mambas
  8 cane toads
  A gargoyle (D:10)
  3 large abominations (Elf:1)
  Jeremiah (D:7)
  13 komodo dragons
  2 rime drakes (Lair:4)
  A tengu conjurer (D:14)
  2 tormentors (D:11)
  An efreet (D:13)
  A queen bee (Lair:3)
  3 meliai (D:13)
  10 trolls
  A hornet (D:10)
  3 polar bears (Lair:5)
  3 snapping turtles
  A raiju (shapeshifter) (D:15)
  A glass eye (D:10)
  10 blink frogs
  2 shadows
  An air elemental (Elf:3)
  2 vampires (D:10)
  A spriggan (Lair:3)
  4 wraiths
  2 water elementals
  43 yaks
  16 humans
  A basilisk (D:13)
  11 wyverns
  A steam dragon (Lair:5)
  3 fire elementals
  6 vampire mosquitoes
  4 swamp worms (Lair:1)
  4 wargs
  4 nagas (Lair:2)
  3 acid dragons
  15 water moccasins
  11 orc warriors
  An ice beast (D:7)
  3 black bears
  2 sky beasts
  8 ogres
  6 wolves (Lair:2)
  7 centaurs
  2 kobold brigands
  2 phantoms
  11 bullfrogs
  An elf zombie (Elf:1)
  Blork the orc (D:5)
  5 gnoll sergeants
  A scorpion (D:6)
  An earth elemental (Elf:3)
  A wight (D:10)
  31 killer bees
  An oklob sapling (D:6)
  An electric eel (Lair:2)
  5 howler monkeys
  3 quasits
  A hound (D:6)
  A jelly (D:6)
  17 orc priests
  A gnoll bouda (D:4)
  2 iguanas (D:6)
  36 orc wizards
  23 gnolls
  12 adders
  3 shadow imps (D:4)
  4 white imps
  3 ufetubi
  4 worms
  A dart slug (D:3)
  75 orcs
  7 ball pythons
  10 bats
  9 endoplasms
  3 giant cockroaches
  14 goblins
  8 hobgoblins
  4 jackals
  2 quokkas
  5 frilled lizards
  14 kobolds
  4 rats
685 creatures vanquished.

Vanquished Creatures (others)
  An orc wizard (D:4)
  21 foxfires
22 creatures vanquished.

Grand Total: 707 creatures vanquished

Table legend: (Time is in decaauts)
 A = Elapsed time spent in this place.
 B = Non-inter-level travel time spent in this place.
 C = Inter-level travel time spent in this place.
 D = Time resting spent in this place.
 E = Time spent auto-exploring this place.
 F = Levels seen in this place.
 G = Mean time per level.
                   A        B        C        D        E       F      G
               +--------+--------+--------+--------+--------+-----+--------+
         Total |  26702 |  24980 |   1722 |   3485 |  16963 |  26 | 1027.0 |
       Dungeon |  17433 |  16524 |    909 |   2243 |  11404 |  15 | 1162.2 |
        Temple |     53 |      2 |     51 |      0 |      0 |   1 |   53.0 |
          Lair |   6417 |   5849 |    568 |    788 |   4037 |   5 | 1283.4 |
  Orcish Mines |   1749 |   1638 |    111 |      0 |   1339 |   2 |  874.5 |
   Elven Halls |   1048 |    966 |     82 |    454 |    183 |   3 |  349.3 |
               +--------+--------+--------+--------+--------+-----+--------+

Top non-repeatable levels by time:
     D:4: 1924 daAuts
     D:6: 1607 daAuts
  Lair:5: 1578 daAuts
     D:7: 1483 daAuts
   Orc:2: 1385 daAuts
    D:11: 1385 daAuts
     D:3: 1340 daAuts
  Lair:3: 1323 daAuts
    D:15: 1295 daAuts
     D:8: 1248 daAuts
    D:14: 1193 daAuts
  Lair:2: 1188 daAuts
  Lair:4: 1170 daAuts
    D:10: 1159 daAuts
  Lair:1: 1156 daAuts

Table legend:
 A = Non-vault XP
 B = Vault XP
 C = Vault XP percentage of total XP
 D = Non-vault monster count
 E = Vault monster count
 F = Vault count percentage of total count
                 A         B        C        D         E       F
            +---------+---------+-------+---------+---------+-------
      Total |   79940 |   60932 |  43.3 |     467 |     219 |  31.9
            +---------+---------+-------+---------+---------+-------
        D:1 |      44 |       0 |   0.0 |      27 |       0 |   0.0
        D:2 |      36 |       0 |   0.0 |      19 |       0 |   0.0
        D:3 |     155 |      54 |  25.8 |      24 |       3 |  11.1
        D:4 |     407 |     161 |  28.3 |      34 |       9 |  20.9
        D:5 |     436 |      93 |  17.6 |      14 |       2 |  12.5
        D:6 |     803 |      60 |   7.0 |      16 |       1 |   5.9
        D:7 |    2019 |     782 |  27.9 |      20 |       3 |  13.0
        D:8 |    1922 |    1163 |  37.7 |      14 |      10 |  41.7
        D:9 |    1269 |       0 |   0.0 |      10 |       0 |   0.0
       D:10 |    2509 |    3231 |  56.3 |      34 |      20 |  37.0
       D:11 |    3095 |    5347 |  63.3 |      10 |      26 |  72.2
       D:12 |    3115 |     202 |   6.1 |      12 |       1 |   7.7
       D:13 |    7382 |    7356 |  49.9 |      25 |      18 |  41.9
       D:14 |   12963 |     767 |   5.6 |      24 |       1 |   4.0
       D:15 |    5567 |    3638 |  39.5 |      11 |       4 |  26.7
     Lair:1 |    2085 |    3101 |  59.8 |      11 |      11 |  50.0
     Lair:2 |    5901 |    1972 |  25.0 |      23 |       7 |  23.3
     Lair:3 |    4966 |    2543 |  33.9 |      21 |      28 |  57.1
     Lair:4 |    5539 |    6392 |  53.6 |      22 |      10 |  31.2
     Lair:5 |    8233 |   10842 |  56.8 |      26 |      20 |  43.5
      Orc:1 |    1149 |     520 |  31.2 |      21 |       1 |   4.5
      Orc:2 |    3520 |    7111 |  66.9 |      35 |      34 |  49.3
      Elf:1 |     202 |    5597 |  96.5 |       1 |      10 |  90.9
      Elf:2 |    4210 |       0 |   0.0 |       7 |       0 |   0.0
      Elf:3 |    2413 |       0 |   0.0 |       6 |       0 |   0.0
            +---------+---------+-------+---------+---------+-------
